 Dungeon Crawl Stone Soup version 0.28.0-62-gf88900778d (webtiles) character file.

Game seed: 16536074697576705578

107 cbfl8 the Sneak (level 5, -6/31 HPs)
             Began as a Kobold Brigand on June 24, 2023.
             Killed by divine providence
             ... invoked by an orc priest
              (12 damage)
             ... on level 3 of the Dungeon.
             The game lasted 00:03:24 (2881 turns).

cbfl8 the Sneak (Kobold Brigand)                    Turns: 2881, Time: 00:03:25

Health: -6/31      AC:  4    Str: 10    XL:     5   Next: 10%
Magic:  5/5        EV: 14    Int: 12    God:
Gold:   72         SH:  0    Dex: 17    Spells: 4/4 levels left

rFire   . . .      SeeInvis .   h - +2 dagger (speed)
rCold   . . .      Faith    .   (no shield)
rNeg    . . .      Spirit   .   l - +0 leather armour
rPois   .          Reflect  .   (no helmet)
rElec   .          Harm     .   c - +0 cloak
rCorr   .          Rampage  .   (no gloves)
Will    .....                   (no boots)
Stlth   +++++.....              (no amulet)
HPRegen 0.10/turn               (no ring)
MPRegen 0.09/turn               (no ring)

@: brilliant, flying
A: small, no large weapons, nightstalker 3
a: no special abilities


You were on level 3 of the Dungeon.
You visited 1 branch of the dungeon, and saw 3 of its levels.

You collected 72 gold pieces.

Inventory:

Hand Weapons
 h - a +2 dagger of speed (weapon)
 i - a +2 dagger of draining
Missiles
 d - 12 poisoned darts (quivered)
 e - 2 curare-tipped darts
Armour
 c - a +0 cloak (worn)
 l - a +0 leather armour (worn)
Scrolls
 f - 2 scrolls of fear


   Skills:
 + Level 2.4 Fighting
 + Level 3.4 Short Blades
 + Level 2.1 Throwing
 + Level 1.5 Dodging
 * Level 7.3 Stealth
 * Level 1.8 Evocations


You had 4 spell levels left.
You didn't know any spells.
Your spell library contained the following spells:

 Spells                   Type           Power      Damage    Failure   Level
 Summon Lightning Spire   Summ/Air       0%         N/A       99%         4
 Storm Form               Tmut/Air       0%         N/A       100%        7
 Maxwell's Capacitive Co  Air            0%         ∞         100%        8


Dungeon Overview and Level Annotations

Branches:
Dungeon (3/15)

Altars:

Shops:
D:3 *


Innate Abilities, Weirdness & Mutations

You are small and have problems with some larger weapons.
You are completely attuned to the shadows.


Message History

An orc is nearby! 3 orcs come into view.
The orc hits you with a +0 hand axe.
There are monsters nearby!
You hit the orc.
The orc is heavily wounded.
The orc shouts!
There are monsters nearby!
The orc shouts! x2
You hit the orc but do no damage.
The orc is heavily wounded.
An orc priest comes into view. It is wielding a +0 whip.
The orc completely misses you.
There are monsters nearby!
You hit the orc but do no damage.
The orc is heavily wounded.
As you read the scroll labelled HUBEIL VIGGEGH, it crumbles to dust.
It is a scroll of brand weapon.
Your +2 dagger craves living souls!
i - a +2 dagger of draining The orc hits you with a +0 hand axe.
As you read the scroll labelled HIONLALUXT, it crumbles to dust.
It is a scroll of identify.
f - 2 scrolls of fear The orc closely misses you.
An adder comes into view.
Okay, then.
It was a potion of flight.
You feel very buoyant.
You fly up into the air.
The orc hits you with a +0 hand axe.
It was a potion of brilliance.
You feel clever all of a sudden. The orc hits you but does no damage.
The orc hits you with a +0 mace. The orc hits you with a +0 mace.
The orc misses you.
The orc priest invokes the aid of Beogh against you.
Beogh smites you!
* * * LOW HITPOINT WARNING * * *
The orc priest mumbles some strange prayers to Beogh against you.
Beogh smites you!
You die...

..######...###
#..<......## #........##
#.# .........# #.#
#........# ##.####
#........# ##.....#..
###.###.# ##.........
##.......######..o..o....
................@o.o.o.$.
##.#.....................
##.#....<..####..........
##........## #.........
##......#.# .##......
#..##....#


You could see an orc priest and 3 orcs.

Vanquished Creatures
  Jessica (D:2)
  An adder (D:2)
  A worm (D:2)
  4 dart slugs
  6 endoplasms
  2 giant cockroaches (D:1)
  8 goblins
  3 hobgoblins
  2 jackals (D:1)
  3 kobolds
  4 quokkas
  7 ball pythons
  5 bats
  3 frilled lizards
  6 rats
56 creatures vanquished.

Notes
Turn   | Place    | Note
-------+----------+-------------------------------------------
     0 | D:1      | cbfl8 the Kobold Brigand began the quest for the Orb.
     0 | D:1      | Reached XP level 1. HP: 12/12 MP: 1/1
   247 | D:1      | Reached XP level 2. HP: 16/17 MP: 2/2
   273 | D:1      | Reached skill level 1 in Evocations
   484 | D:1      | Found a faded altar of an unknown god.
   539 | D:1      | Reached skill level 6 in Stealth
   718 | D:1      | Reached XP level 3. HP: 21/21 MP: 3/3
  1582 | D:2      | Noticed Jessica
  1586 | D:2      | Killed Jessica
  1587 | D:2      | Reached XP level 4. HP: 27/27 MP: 4/4
  1734 | D:2      | Reached skill level 7 in Stealth
  2157 | D:2      | Reached XP level 5. HP: 13/31 MP: 5/5
  2827 | D:3      | Found Cekhle's General Store.
  2881 | D:3      | Killed from afar by an orc priest

Illustrated notes

Levels and vault maps discovered:
D:1:      tarquinn_simple_flora_water_c, layout_loops_corners,
          chequers_ecumenical_altar_grove, bh_walls_and_bars
D:2:      layout_loops_cross, minmay_cupped, uniq_jessica
D:3:      layout_rooms, fedhas_altar_1, serial_shops,
          nicolae_shop_bloodbath_and_beyond, nicolae_square_shop, shop, shop,
          uniq_ijyb

Skill      XL: |  1  2  3  4 |
---------------+-------------+-----
Evocations     | 1 |  1.8
Stealth        | 6 7 |  7.3
Short Blades   | 3 |  3.4
Fighting       | |  2.4
Throwing       | |  2.1
Dodging        | |  1.5

Action                   |  1- 3 |  4- 6 || total
-------------------------+-------+-------++-------
Melee: Dagger            |    76 |    73 ||   149
       Punch             |     3 |       ||     3
  Use: Potion            |       |     6 ||     6
       Scroll            |       |     2 ||     2
 Stab: Sleeping          |    21 |     7 ||    28
       Distracted        |       |     1 ||     1
Armor: Robe              |    11 |    13 ||    24
       Leather armour    |       |     1 ||     1
Dodge: Dodged            |    36 |    38 ||    74
